 Dungeon Crawl Stone Soup version 0.29-a0-1016-g236c7fd91e (webtiles) character file.

Game seed: 7888998871679501717

24 frimble the Digger (level 2, -1/19 HPs)
             Began as a Demonspawn Earth Elementalist on Aug 9, 2022.
             Succumbed to a kobold's poison
             ... on level 2 of the Dungeon.
             The game lasted 00:01:16 (1319 turns).

frimble the Digger (Demonspawn Earth Elementalist)  Turns: 1319, Time: 00:01:17

Health: -1/19      AC: 12    Str:  8    XL:     2   Next: 79%
Magic:  3/5        EV: 12    Int: 16    God:
Gold:   55         SH:  0    Dex: 13    Spells: 4/5 levels left

rFire   . . .      SeeInvis .   e - +0 rapier
rCold   . . .      Faith    .   (no shield)
rNeg    . . .      Spirit   .   a - +0 robe
rPois   .          Reflect  .   d - +2 helmet
rElec   .          Harm     .   (no cloak)
rCorr   .          Rampage  .   i - +0 pair of gloves
Will    .....                   (no boots)
Stlth   ++........              (no amulet)
HPRegen 0.06/turn               (no ring)
MPRegen 0.09/turn               (no ring)

@: lethally poisoned (-1 -> -31), sanguine armoured
A: sanguine armour 1
a: no special abilities


You were on level 2 of the Dungeon.
You visited 1 branch of the dungeon, and saw 2 of its levels.

You collected 55 gold pieces.

Inventory:

Hand Weapons
 e - a +0 rapier (weapon)
Missiles
 j - 4 curare-tipped darts
Armour
 a - a +0 robe (worn)
 d - a +2 helmet (worn)
 i - a +0 pair of gloves (worn)
Scrolls
 f - 4 scrolls of identify
 k - a scroll of teleportation {unknown}
Potions
 b - a potion of magic
 c - a potion of curing
 g - a potion of heal wounds
 h - a potion of attraction {unknown}


   Skills:
 + Level 0.9 Short Blades
 - Level 1.7 Dodging
 - Level 1.7 Stealth
 - Level 2.0 Spellcasting
 + Level 1.6 Transmutations
 + Level 3.1 Earth Magic


You had 4 spell levels left.
You knew the following spells:

 Your Spells              Type           Power      Damage    Failure   Level
a - Sandblast             Erth           22%        2d7       6%          1

Your spell library contained the following spells:

 Spells                   Type           Power      Damage    Failure   Level
 Passwall                 Tmut/Erth      7%         N/A       12%         2
 Stone Arrow              Conj/Erth      12%        3d7       32%         3
 Gell's Gravitas          Tloc           1%         N/A       52%         3
 Lesser Beckoning         Tloc           1%         N/A       52%         3
 Teleport Other           Tloc           1%         N/A       52%         3
 Petrify                  Tmut/Erth      9%         N/A       61%         4


Dungeon Overview and Level Annotations

Branches:
Dungeon (2/15)

Altars:


Innate Abilities, Weirdness & Mutations

When seriously injured, your blood forms armour. (AC +6)


Message History

There is a stone staircase leading up here.
Found a hand axe.
Found a stone staircase leading down.
Found a hand axe.
Found 5 poisoned darts.
You see here 5 poisoned darts.
f - 4 scrolls of identify (gained 3)
Found a stone staircase leading up.
Found a spear.
Found a robe.
A rat and a kobold come into view.
The kobold is wielding a +1 dagger of venom.
There are monsters nearby!
There are monsters nearby!
There are monsters nearby!
There are monsters nearby!
There are monsters nearby!
There are monsters nearby!
The kobold shouts!
You barely miss the rat. The rat misses you.
You puncture the rat!
You kill the rat!
The kobold hits you with a +1 dagger of venom.
You are poisoned.
Aiming: Sandblast (safe; 6% risk of failure)
Press: ? - help, Q - select action, (/) - cycle Shift-Dir - straight line, f - kobold
Aim: a kobold, wielding a +1 dagger of venom (77% to hit)
The blast of sand hits the kobold but does no damage.
Your blood congeals into armour.
You feel very sick. The kobold hits you but does no damage.
You are lethally poisoned!
The kobold hits you but does no damage.
You are more poisoned.
Aiming: Sandblast (safe; 6% risk of failure)
Press: ? - help, Q - select action, (/) - cycle Shift-Dir - straight line, f/p - kobold
Aim: a kobold, wielding a +1 dagger of venom (77% to hit)
The blast of sand hits the kobold.
The kobold is severely wounded.
Ouch! That really hurt!
You die...

####...#............
#..............#<.#
#..............#..##
+..................
#.........##.#.#.####
.....................
#.........###..#..[..
#.........# #..# ...
#.....)...# ##@# .
.........# #.K.......
......... #.........
.......## #.......#.
...... ........#
...........
...........
............


You could see a kobold.

Vanquished Creatures
  A dart slug (D:1)
  4 ball pythons (D:1)
  2 bats (D:1)
  2 endoplasms (D:1)
  A hobgoblin (D:1)
  2 quokkas (D:1)
  2 frilled lizards (D:1)
  2 goblins (D:1)
  6 rats
22 creatures vanquished.

Notes
Turn   | Place    | Note
-------+----------+-------------------------------------------
     0 | D:1      | frimble the Demonspawn Earth Elementalist began the quest
                  | for the Orb.
     0 | D:1      | Reached XP level 1. HP: 13/13 MP: 3/3
    60 | D:1      | Reached skill level 1 in Transmutations
   516 | D:1      | Gained mutation: When seriously injured, your blood forms
                  | armour. (AC +6) [demonic ancestry]
   516 | D:1      | Reached XP level 2. HP: 19/19 MP: 5/5
   662 | D:1      | Reached skill level 3 in Earth Magic
  1319 | D:2      | Succumbed to a kobold's poison

Illustrated notes

Levels and vault maps discovered:
D:1:      roderic_crossed_star, layout_basic
D:2:      layout_basic

Skill      XL: |  1  2 |
---------------+-------+-----
Transmutations | 1 |  1.6
Earth Magic    | 3 |  3.1
Short Blades   | |  0.9
Dodging        | |  1.7
Stealth        | |  1.7
Spellcasting   | |  2.0

Action                   || total
-------------------------++-------
Melee: Rapier            ||    54
       Unarmed           ||     2
 Cast: Sandblast         ||     9
  Use: Scroll            ||     3
 Stab: Sleeping          ||     2
Armor: Robe              ||    24
Dodge: Dodged            ||    48

Table legend: (Time is in decaauts)
 A = Elapsed time spent in this place.
 B = Non-inter-level travel time spent in this place.
 C = Inter-level travel time spent in this place.
 D = Time resting spent in this place.
 E = Time spent auto-exploring this place.
 F = Levels seen in this place.
 G = Mean time per level.
                   A        B        C        D        E       F      G
               +--------+--------+--------+--------+--------+-----+--------+
         Total |   1335 |   1311 |     24 |    100 |    997 |   2 |  667.5 |
       Dungeon |   1335 |   1311 |     24 |    100 |    997 |   2 |  667.5 |
               +--------+--------+--------+--------+--------+-----+--------+

Top non-repeatable levels by time:
     D:1: 1287 daAuts
     D:2: 48 daAuts
